 Dungeon Crawl Stone Soup version 0.24.1-14-gf8d2b509d9 (webtiles) character file.

Game seed: 13915767621201939858, levelgen mode: deterministic

1788 KlarStein the Skirmisher (level 8, -2/74 HPs)
             Began as a Purple Draconian Berserker on July 8, 2020.
             Was a Priest of Trog.
             Killed from afar by Dowan (19 damage)
             ... with a stone arrow
             ... on level 6 of the Dungeon.
             The game lasted 00:42:23 (4684 turns).

KlarStein the Skirmisher (DrBe)                     Turns: 4684, Time: 00:42:28

Health: -2/74      AC:  9    Str: 20    XL:     8   Next: 82%
Magic:  8/8        EV: 21    Int:  8    God:    Trog [***...]
Gold:   275        SH:  0    Dex: 17    Spells: 7/7 levels left

rFire    . . .     SeeInvis .   a - +1 battleaxe
rCold    . . .     Gourm    .   (shield currently unavailable)
rNeg     + . .     Faith    .   (armour unavailable)
rPois    .         Spirit   .   (helmet restricted)
rElec    .         Reflect  .   (no cloak)
rCorr    .         Harm     .   i - +2 pair of gloves
MR       ++...                  (no boots)
Stlth    +++.......             (no amulet)
HPRegen  0.22/turn              c - ring of positive energy
MPRegen  0.11/turn              m - ring of protection from magic

@: agile, lethally poisoned (-2 -> -34), berserk cooldown, starving
A: breathe power, unfitting armour, cold-blooded, AC +6
a: Breathe Dispelling Energy, Berserk, Trog's Hand, Renounce Religion


You were on level 6 of the Dungeon.
You worshipped Trog.
Trog was most pleased with you.
You were starving.

You visited 1 branch of the dungeon, and saw 6 of its levels.

You collected 275 gold pieces.

Inventory:

Hand Weapons
 a - a +1 battleaxe (weapon)
Armour
 i - a +2 pair of gloves (worn)
 o - the +1 buckler of Indomitability {Dex+2, unknown}
   (You found it on level 6 of the Dungeon)

   It affects your dexterity (+2).
Jewellery
 c - a ring of positive energy (left hand)
 m - a ring of protection from magic (right hand)
Scrolls
 e - a scroll of magic mapping
 g - a scroll of remove curse
 k - a scroll of noise
 l - 2 scrolls of enchant armour
Potions
 d - a potion of invisibility {unknown}
 f - 2 potions of flight {unknown}
 h - a potion of agility
Comestibles
 b - 14 rations


   Skills:
 + Level 7.9 Fighting
 + Level 7.2 Axes
 + Level 6.6 Dodging


You had 7 spell levels left.
You didn't know any spells.
Your spell library was empty.

Dungeon Overview and Level Annotations

Branches:
Dungeon (6/15)
 Temple: D:4-7

Altars:
Qazlal

Annotations:
D:6 Dowan, Eustachio


Innate Abilities, Weirdness & Mutations

You can breathe bolts of dispelling energy.
Your rich purple scales are hard. (AC +6)
You cannot fit into any form of body armour.
You are cold-blooded and may be slowed by cold attacks.


Message History

Dowan hits you but does no damage.
You barely miss Dowan.
Dowan is lightly wounded.
You feel very sick. Dowan misses you. Dowan hits you but does no damage.
You are more poisoned.
You closely miss Dowan. You tail-slap Dowan, but do no damage.
Dowan is lightly wounded.
* * * LOW HITPOINT WARNING * * *
You feel very sick.
Dowan mumbles some strange words.
Dowan blinks!
It was a potion of agility.
You feel agile all of a sudden.
* * * LOW HITPOINT WARNING * * *
You feel very sick.
Dowan says, "Magic will overcome all!"
Dowan casts a spell at you. The stone arrow hits you!!
You die...

#................. ..# .
##................. #..# .
###........e........##.... .
.#.................##... .
..................##..#
##....................# #.
##.............#)....# #.
##...#........##ยง....### ##.
##...####....###@..e....###..
.......##.........#..........##
...###.....#####...#..........###
##.# #....# ##....########.##.
#.## #.... ##...# #.... #.# .#..
#...## ###.## #.# # # #....##
###...# #.# .....##..###.....##
..# #.##.. ###.....#...#


You could see Dowan.

Vanquished Creatures
  Pikel (D:6)
  Grinder (D:6)
  Menkaure (D:4)
  Duvessa (D:6)
  2 ice beasts (D:5)
  2 slaves (D:6)
  A centaur (D:6)
  2 ogres (D:4)
  A bullfrog (D:6)
  A scorpion (D:4)
  A howler monkey (D:6)
  2 orc priests
  3 orc wizards (D:5)
  A worker ant (D:5)
  A worker ant zombie (D:4)
  Robin (D:2)
  3 gnolls (D:3)
  5 adders
  An ooze (D:1)
  3 adder skeletons
  4 worms
  5 dart slugs
  A leopard gecko (D:3)
  9 orcs
  7 giant cockroaches
  14 goblins
  9 hobgoblins
  5 jackals
  3 quokkas
  7 bats
  3 frilled lizards
  11 kobolds
  7 rats
119 creatures vanquished.

Vanquished Creatures (others)
  A slave (D:6)
  A jackal (D:6)
2 creatures vanquished.

Grand Total: 121 creatures vanquished

Notes
Turn   | Place    | Note
-------+----------+-------------------------------------------
     0 | D:1      | KlarStein the Draconian Berserker began the quest for the
                  | Orb.
     0 | D:1      | Reached XP level 1. HP: 19/19 MP: 1/1
   114 | D:1      | Reached XP level 2. HP: 15/26 MP: 2/2
   553 | D:1      | Reached ** piety under Trog
   560 | D:1      | Reached XP level 3. HP: 33/33 MP: 3/3
   717 | D:2      | Noticed Robin
   724 | D:2      | Killed Robin
   935 | D:2      | Reached XP level 4. HP: 40/40 MP: 4/4
  2008 | D:3      | Reached XP level 5. HP: 47/47 MP: 5/5
  2519 | D:3      | Reached *** piety under Trog
  2640 | D:4      | Noticed an ogre
  2852 | D:4      | Killed an ogre
  2852 | D:4      | Reached skill level 5 in Fighting
  2852 | D:4      | Reached XP level 6. HP: 56/56 MP: 6/6
  3059 | D:4      | Noticed Menkaure
  3062 | D:4      | Killed Menkaure
  3062 | D:4      | Reached skill level 5 in Axes
  3264 | D:4      | Your scales start taking on a rich purple colour.
  3264 | D:4      | Reached XP level 7. HP: 62/62 MP: 7/7
  3517 | D:5      | Entered Level 5 of the Dungeon
  3529 | D:5      | Reached skill level 5 in Dodging
  4145 | D:6      | Got a slimy buckler
  4154 | D:6      | Noticed Pikel
  4165 | D:6      | Noticed Eustachio
  4166 | D:6      | Killed Pikel
  4166 | D:6      | Reached XP level 8. HP: 73/73 MP: 8/8
  4390 | D:6      | Found a stormy altar of Qazlal.
  4401 | D:6      | Noticed Grinder
  4422 | D:6      | Killed Grinder
  4651 | D:6      | Noticed Duvessa
  4655 | D:6      | Noticed Dowan
  4669 | D:6      | Killed Duvessa
  4684 | D:6      | Killed from afar by Dowan

Levels and vault maps discovered:
D:1:      roderic_crossed_star, layout_rooms
D:2:      layout_rooms, kennysheep_generic_room_9, uniq_robin
D:3:      layout_loops_corners
D:4:      layout_cave_pools, minmay_temple_entry_offerings, serial_forest,
          infiniplex_forest_lined_3, infiniplex_forest_lined_3,
          infiniplex_forest_diagonal, infiniplex_forest_lined_1,
          infiniplex_forest_end_1, infiniplex_forest_clump_small,
          infiniplex_forest_clump_tiny, infiniplex_forest_3_way,
          infiniplex_forest_clump_double, infiniplex_forest_clump_tiny,
          uniq_menkaure
D:5:      layout_cave_pools, first_ration
D:6:      layout_layer_cave, old_standard_altar, tso_altar, uniq_duvessa,
          uniq_pikel, uniq_eustachio, uniq_grinder

Skill      XL: |  1  2  3  4  5  6  7  8 |
---------------+-------------------------+-----
Dodging        | 3 4 6 |  6.6
Fighting       | 4 5 7 |  7.9
Axes           | 4 5 6 7 |  7.2

Action                   |  1- 3 |  4- 6 |  7- 9 || total
-------------------------+-------+-------+-------++-------
Melee: Hand axe          |    94 |    33 |       ||   127
       Tailslap          |    14 |    15 |    16 ||    45
       War axe           |       |   107 |    48 ||   155
       Battleaxe         |       |       |    57 ||    57
Invok: Berserk           |     3 |     9 |     5 ||    17
       Trog's Hand       |     1 |       |       ||     1
 Abil: Breathe Dispellin |       |       |     3 ||     3
  Use: Scroll            |     2 |     6 |     4 ||    12
       Potion            |       |     1 |     3 ||     4
 Stab: Sleeping          |       |     1 |       ||     1
  Eat: Chunk             |     4 |    14 |     9 ||    27
Armor: Skin              |    28 |    41 |    41 ||   110
Dodge: Dodged            |    53 |    81 |    87 ||   221
